 Dungeon Crawl Stone Soup version 0.30-a0-1163-gf69bf04 (webtiles) character file.

Game seed: 17150964890401542778

12740792 Wizard1ke the Shapeless Draconian (level 27, 613/613 HPs)
             Began as a Red Draconian Warper on Apr 27, 2023.
             Was an Initiate of Gozag.
             Escaped with the Orb
             ... and 15 runes on Apr 28, 2023!
             The game lasted 08:09:39 (125854 turns).

Wizard1ke the Shapeless Draconian (DrWr)          Turns: 125854, Time: 08:09:39

Health: 613/613    AC: 23    Str: 32 (33) XL:     27
Magic:  36/36      EV: 12    Int: 24 (25) God:    Gozag
Gold:   9998       SH:  0    Dex: 10 (11) Spells: 6/62 levels left

rFire   + +          +
                       - Unarmed
rCold   + . .        (shield currently unavailable)
rNeg    + . .        (body armour unavailable)
rPois   +            (helmet currently unavailable)
rElec   +            q - melded +1 cloak "Ycrunel" {rPois rC- Int+3 Dex+2}
rCorr   .            Q - melded +2 pair of gloves of Polish {rF+}
SInv    .            D - melded +3 pair of mountain boots {steadfast, rC+}
Will    +++..        C - amulet of regeneration Stlth
                     w - ring of the Albatross {Drain rElec rPois rN+ Int+7}
HPRegen 2.02/turn    k - ring of Gahoafy {rF+ rC++ Will+ MP-9 Stlth+}
MPRegen 0.25/turn

%: no passive effects
@: berserking, dragon-form, flying, very quick
A: dragon claw, dragon scales, flying, boosted hp, breathe fire, AC +13, giant,
unfitting armour, (fire resistance 1), (cold-blooded), (big wings), MP-powered
wands
0: Orb of Zot
}: 15/15 runes: barnacled, slimy, silver, golden, iron, obsidian, icy, bone,
abyssal, demonic, glowing, magical, fiery, dark, gossamer
a: Breathe Fire, End Transformation, Renounce Religion, Potion Petition, Call
Merchant, Bribe Branch


You escaped.
You worshipped Gozag.
Gozag was greatly pleased with you.
You were a fearsome fire dragon!
You visited 18 branches of the dungeon, and saw 88 of its levels.
You visited Pandemonium 2 times, and saw 20 of its levels.
You visited the Abyss 3 times.

You collected 49929 gold pieces.
You spent 2737 gold pieces at shops.
You paid 37194 gold pieces to Gozag.

Inventory:

Missiles
 b - 2 throwing nets (quivered)
 K - 20 curare-tipped darts
Armour
 q - the +1 cloak "Ycrunel" (melded) {rPois rC- Int+3 Dex+2}
   (You found it on level 4 of the Realm of Zot)

   Int:       It affects your intelligence (+3).
   Dex:       It affects your dexterity (+2).
   rC:        It makes you vulnerable to cold.
   rPois:     It protects you from poison.
 D - the +3 pair of mountain boots (melded) {steadfast, rC+}
   (You found it on level 4 of the Spider Nest)

   Steadfast: It prevents involuntary movement, except for blinking,
   teleportation, or banishment.
   rC:        It protects you from cold.
 Q - the +2 pair of gloves of Polish (melded) {rF+}
   (You found it on level 3 of the Elven Halls)

   rF:        It protects you from fire.
Magical Staves
 N - the staff of death "Udutroc" {rN+ rCorr Str+3 Int+3 Dex+4}
   (You found it on level 3 of the Elven Halls)

   [staff of death]

   Base accuracy: +5 Base damage: 5 Base attack delay: 1.2 This weapon's minimum
   attack delay (0.6) is reached at skill level 12.
   Str:       It affects your strength (+3).
   Int:       It affects your intelligence (+3).
   Dex:       It affects your dexterity (+4).
   rN:        It protects you from negative energy.
   rCorr:     It protects you from acid and corrosion.
   It falls into the 'Staves' category.
   It is a one-handed weapon.
 U - the staff of air "Xiesch Wugu" {rElec rF++ rN+ Will- Str+3}
   (You found it on level 3 of the Elven Halls)

   [staff of air]

   Base accuracy: +5 Base damage: 5 Base attack delay: 1.2 This weapon's minimum
   attack delay (0.6) is reached at skill level 12.
   Str:       It affects your strength (+3).
   rF:        It greatly protects you from fire.
   rElec:     It insulates you from electricity.
   rN:        It protects you from negative energy.
   Will:      It decreases your willpower.
   It falls into the 'Staves' category.
   It is a one-handed weapon.
Jewellery
 e - the ring "Alodon" {Contam rElec rF++ rCorr Stlth+}
   (You took it off a deep elf pyromancer on level 3 of the Elven Halls)

   [ring of resist corrosion]

   rF:        It greatly protects you from fire.
   rElec:     It insulates you from electricity.
   Contam:    It causes magical contamination when unequipped.
   rCorr:     It protects you from acid and corrosion.
   Stlth:     It makes you more stealthy.
 k - the ring of Gahoafy (right foreclaw) {rF+ rC++ Will+ MP-9 Stlth+}
   (You acquired it on level 3 of the Depths)

   [ring of protection from fire]

   rF:        It protects you from fire.
   rC:        It greatly protects you from cold.
   MP:        It affects your magic capacity (-9).
   Will:      It increases your willpower.
   Stlth:     It makes you more stealthy.
 p - a ring of see invisible
 r - an amulet of guardian spirit
 w - the ring of the Albatross (left foreclaw) {Drain rElec rPois rN+ Int+7}
   (You found it on level 3 of the Crypt)

   [ring of positive energy]

   Int:       It affects your intelligence (+7).
   rElec:     It insulates you from electricity.
   rPois:     It protects you from poison.
   rN:        It protects you from negative energy.
   Drain:     It drains your maximum health when unequipped.
 C - an amulet of regeneration (around neck)
 G - the ring "Foxum" {Fly rN+ MP+9 Int+3}
   (You found it in Pandemonium)

   [ring of positive energy]

   Int:       It affects your intelligence (+3).
   rN:        It protects you from negative energy.
   MP:        It affects your magic capacity (+9).
   Fly:       It grants you flight.
 H - the ring "Yngiz" {rN++ Will- rCorr Stlth+}
   (You found it in Pandemonium)

   [ring of resist corrosion]

   rN:        It greatly protects you from negative energy.
   rCorr:     It protects you from acid and corrosion.
   Will:      It decreases your willpower.
   Stlth:     It makes you more stealthy.
 X - a ring of resist corrosion
 Z - a ring of protection from cold
Wands
 j - a wand of mindburst (62)
 s - a wand of polymorph (40)
 v - a wand of charming (101)
 y - a wand of acid (26)
 J - a wand of digging (12)
 O - a wand of roots (82)
Scrolls
 a - 12 scrolls of blinking
 c - 8 scrolls of enchant armour
 d - 24 scrolls of teleportation
 h - 10 scrolls of fear
 m - 10 scrolls of poison
 x - 11 scrolls of vulnerability
 A - 10 scrolls of fog
 F - 8 scrolls of immolation
 S - 6 scrolls of silence {!r}
 V - 8 scrolls of summoning
Potions
 f - 2 potions of flight
 g - 16 potions of heal wounds
 l - 10 potions of brilliance
 n - 2 potions of magic
 o - 4 potions of resistance
 t - 12 potions of lignification
 u - 35 potions of curing
 z - 9 potions of invisibility
 B - 18 potions of attraction
 E - 8 potions of might
 I - 4 potions of berserk rage {!q}
 M - 7 potions of haste
 P - 4 potions of cancellation
 R - 22 potions of ambrosia
 T - 17 potions of mutation
Miscellaneous
 i - a figurine of a ziggurat
 Y - a lightning rod (4/4)


   Skills:
 O Level 27 Fighting
 - Level 0.8 Throwing
 + Level 14.5 Dodging
 O Level 27 Unarmed Combat
 + Level 18.1 Spellcasting
 - Level 18.0 Necromancy
 - Level 15.0 Translocations
 O Level 27 Transmutations
 - Level 9.7 Air Magic
 O Level 27 Earth Magic
 - Level 10.0 Evocations


You had 6 spell levels left.
You knew the following spells:

 Your Spells              Type           Power      Damage    Failure   Level
a - Blink                 Tloc           100%       N/A       0%          2
b - Lesser Beckoning      Tloc           100%       N/A       0%          2
c - Vhi's Electric Charg  Tloc/Air       100%       N/A       1%          3
d - Manifold Assault      Tloc           76%        N/A       1%          4
e - Dragon Form           Tmut           50%        N/A       1%          7
f - Passwall              Tmut/Erth      83%        N/A       0%          2
g - Storm Form            Tmut/Air       41%        N/A       1%          7
h - Dispersal             Tloc           38%        N/A       1%          6
i - Yara's Violent Unrav  Hex/Tmut       36%        3d15      1%          5
j - Necromutation         Tmut/Necr      46%        N/A       1%          8
k - Shatter               Erth           50%        3d38*     3%          9
l - Apportation           Tloc           100%       N/A       0%          1

Your spell library contained the following spells:

 Spells                   Type           Power      Damage    Failure   Level
 Beastly Appendage        Tmut           100%       N/A       0%          1
 Necrotise                Necr           100%       1d9       0%          1
 Sandblast                Erth           100%       2d20      0%          1
 Sublimation of Blood     Necr           83%        N/A       0%          2
 Wereblood                Tmut           100%       N/A       0%          2
 Gell's Gravitas          Tloc           76%        N/A       0%          3
 Teleport Other           Tloc           76%        N/A       0%          3
 Dispel Undead            Necr           83%        3d27      0%          4
 Petrify                  Tmut/Erth      100%       N/A       0%          4
 Blade Hands              Tmut           50%        N/A       0%          5
 Borgnjor's Vile Clutch   Necr/Erth      46%        N/A       0%          5
 Lee's Rapid Deconstruct  Erth           50%        3d24*     0%          5
 Kiss of Death            Conj/Necr      100%       2d13      1%          1
 Cigotuvi's Dreadful Rot  Necr/Pois/Air  100%       N/A       1%          2
 Momentum Strike          Conj/Tloc      100%       3d10      1%          2
 Poisonous Vapours        Pois/Air       90%        N/A       1%          2
 Static Discharge         Conj/Air       90%        2-6/arc   1%          2
 Ignite Poison            Fire/Tmut/Pois 60%        N/A       1%          3
 Mephitic Cloud           Conj/Pois/Air  37%        N/A       1%          3
 Portal Projectile        Hex/Tloc       100%       N/A       1%          3
 Spider Form              Tmut/Pois      72%        N/A       1%          3
 Stone Arrow              Conj/Erth      100%       3d13      1%          3
 Swiftness                Air            62%        N/A       1%          3
 Volatile Blastmotes      Fire/Tloc      100%       2d18      1%          3
 Anguish                  Hex/Necr       30%        N/A       1%          4
 Ice Form                 Ice/Tmut       72%        N/A       1%          4
 Iskenderun's Mystic Bla  Conj/Tloc      55%        2d12      1%          4
 Leda's Liquefaction      Hex/Erth       36%        N/A       1%          4
 Passage of Golubria      Tloc           76%        N/A       1%          4
 Agony                    Necr           83%        N/A       1%          5
 Irradiate                Conj/Tmut      36%        3d23      1%          5
 Death Channel            Necr           41%        N/A       1%          6
 Eringya's Noxious Bog    Tmut/Pois      36%        N/A       1%          6
 Iron Shot                Conj/Erth      36%        9d7       1%          6
 Foxfire                  Conj/Fire      84%        2x1d8     2%          1
 Magic Dart               Conj           84%        1d7       2%          1
 Summon Small Mammal      Summ           84%        N/A       2%          1
 Call Imp                 Summ           42%        N/A       3%          2
 Ensorcelled Hibernation  Hex/Ice        42%        N/A       3%          2
 Scorch                   Fire           42%        2d6       3%          2
 Summon Forest            Summ/Tloc      27%        N/A       3%          5
 Call Canine Familiar     Summ           21%        N/A       7%          3
 Confusing Touch          Hex            21%        N/A       7%          3
 Dazzling Flash           Conj/Hex       42%        N/A       7%          3
 Frozen Ramparts          Ice            42%        1d7       7%          3
 Hailstorm                Conj/Ice       21%        3d6       7%          3
 Summon Guardian Golem    Hex/Summ       21%        N/A       7%          3
 Tukima's Dance           Hex            21%        N/A       7%          3
 Arcjolt                  Conj/Air       22%        1d32      9%          5
 Silence                  Hex/Air        22%        N/A       9%          5
 Cause Fear               Hex            10%        N/A       22%         4
 Flame Wave               Conj/Fire      21%        2d8       22%         4
 Fulminant Prism          Conj/Hex       10%        3d8       22%         4
 Olgreb's Toxic Radiance  Pois           21%        N/A       22%         4
 Sticky Flame             Conj/Fire      21%        2d4       22%         4
 Summon Ice Beast         Ice/Summ       21%        N/A       22%         4
 Conjure Ball Lightning   Conj/Air       22%        3x3d6     43%         6
 Plasma Beam              Fire/Air       22%        2x1d38    43%         6
 Fireball                 Conj/Fire      10%        3d6       54%         5
 Iskenderun's Battlesphe  Conj           21%        2d7       54%         5
 Summon Mana Viper        Hex/Summ       21%        N/A       54%         5
 Starburst                Conj/Fire      10%        6d5       98%         6
 Summon Cactus Giant      Summ           10%        N/A       98%         6
 Borgnjor's Revivificati  Necr           41%        N/A       10%         8
 Disjunction              Tloc           38%        N/A       32%         8
 Lehudib's Crystal Spear  Conj/Erth      36%        10d9      52%         8
 Malign Gateway           Summ/Tloc      27%        N/A       65%         7
 Death's Door             Necr           41%        N/A       82%         9
 Enfeeble                 Hex            10%        N/A       100%        7
 Orb of Destruction       Conj           10%        9d6       100%        7
 Ozocubu's Refrigeration  Ice            10%        4d9       100%        7
 Spellforged Servitor     Conj/Summ      10%        N/A       100%        7
 Summon Hydra             Summ           10%        N/A       100%        7
 Discord                  Hex            10%        N/A       100%        8
 Ignition                 Fire           10%        3d5       100%        8
 Summon Horrible Things   Summ           10%        N/A       100%        8
 Chain Lightning          Conj/Air       22%        3d30      100%        9
 Fire Storm               Conj/Fire      10%        8d3       100%        9
 Polar Vortex             Ice            10%        N/A       100%        9
 Animate Dead             Necr           Unusable   N/A       N/A         4
 Animate Armour           Summ/Erth      Unusable   N/A       N/A         4
 Simulacrum               Ice/Necr       Unusable   N/A       N/A         6

Dungeon Overview and Level Annotations

Branches:
Dungeon (15/15)            Temple (1/1) D:5            Lair (5/5) D:10
 Shoals (4/4) Lair:3       Spider (4/4) Lair:3        Slime (5/5) Lair:4
    Orc (2/2) D:12            Elf (3/3) Orc:2        Vaults (5/5) D:14
  Crypt (3/3) Vaults:3       Tomb (3/3) Crypt:3      Depths (4/4) D:15
   Hell (visited)             Dis (7/7) Hell            Geh (7/7) Hell
    Coc (7/7) Hell            Tar (7/7) Hell            Zot (5/5) Depths:4

Altars:
Ashenzari
Cheibriados
Dithmenos
Elyvilon
Fedhas
Gozag
Hepliaklqana
Kikubaaqudgha
Makhleb
Nemelex Xobeh
Okawaru
Qazlal
Ru
Sif Muna
Trog
Uskayaw
Vehumet
Wu Jian
Xom
Yredelemnul
Zin
The Shining One
Jiyva

Shops:
D:11 :   Orc:2 *=[(   Elf:1 (   Elf:2 *   Spider:2 ?   Vaults:2 **   Vaults:3 *

Portals:
Hell: Depths:1 Depths:2 Depths:3 Depths:4
Abyss: Depths:2 Depths:3
Pandemonium: Depths:2
Ziggurat: Depths:2

Annotations:
D:5 exclusion: downstairs
D:6 exclusion: ice beast
D:7 Menkaure
D:9 3 runed translucent doors, exclusion: 3 doors, Caerwyn's ghost, novice DEAE
D:12 4 runed translucent doors, exclusion: 4 doors
Lair:3 1 runed translucent door, exclusion: door, Taxman66's ghost, journeyman DrFE
Lair:5 1 exclusion
Spider:3 Roxanne
Spider:4 exclusion: upstairs
Orc:1 2 transporters, Dorkslayer's ghost, journeyman GrFi
Elf:2 3 runed translucent doors, exclusion: 3 doors
Vaults:1 Zenata
Tomb:1 exclusion: 2 downstairs
Zot:1 2 transporters
Zot:5 1 exclusion


Innate Abilities, Weirdness & Mutations

You are a fearsome fire dragon!
You have a powerful clawing attack.
Your giant scaled body is strong and resiliant, but less evasive.
Your breath weapon is enhanced in this form.
You are flying.
Your maximum health is greatly increased.
Your armour is entirely melded.
You are incapable of wielding weapons or throwing items.
You can breathe blasts of fire.
Your fiery red scales are hard. (AC +13)
You cannot fit into any form of body armour.
((Your flesh is heat resistant. (rF+)))
((You are cold-blooded and may be slowed by cold attacks.))
((Your large and strong wings let you fly.))
You expend magic power (3 MP) to strengthen your wands.


Message History

There is an open door here.
An angel comes into view. It is wielding a +1 whip of holy wrath.
You closely miss the angel. Your claw misses the angel.
You maul the angel!!!!
You tail-slap the angel, but do no damage.
You bite the angel.
You kill the angel!
No target in view!
(D) Dungeon (T) Temple (L) Lair (A) Shoals (N) Spider Nest (M) Slime Pits (O) Orcish Mines (E) Elven Halls (V) Vaults (C) Crypt (W) Tomb (U) Depths (H) Hell (I) Dis (G) Gehenna (X) Cocytus (Y) Tartarus (Z) Zot
Where to? (Enter - D:1 @ (x,y), ? - help)
There is an open door here.
You see here 6 stones.
There is an open door here.
A Hell Sentinel comes into view.
Casting: Dragon Form (safe; 1% risk of failure)
Confirm with . or Enter, or press ? or * to list all spells.
Charge where?
Press: ? - help, Dir - move target, f - Hell Sentinel
Aim: a Hell Sentinel (97% to hit)
You charge forward with an electric crackle!
You hit the Hell Sentinel but do no damage.
You tail-slap the Hell Sentinel, but do no damage.
You claw the Hell Sentinel, but do no damage.
You claw the Hell Sentinel!
The Hell Sentinel is lightly wounded.
You maul the Hell Sentinel!!!!
You kill the Hell Sentinel!
There is an open door here.
There is an open door here.
There is a staircase leading out of the dungeon here.
Really quaff
I - 5 potions of berserk rage {!q}?
A red film seems to cover your vision as you go berserk!
You feel yourself moving faster!
You feel mighty!
You feel a strong urge to attack something.
Magic restored.
You have escaped!

#...##...###$..##.# #....
.....##.## ##.###.# #....
###...#'# #'##..##### ###.#
#.....# ###.........### #.#
###.#.#.###....######...###
#.# †...#....##~~~~~#
###...#####.#
##.......##P~~~♣#
###.......#
##..#######♣~♣### #.....#.##
#..# #.##~##D# #.#.....##
###..# #..'~'..# ##.#.######
#....# #.##~##.# #....# #
#.##.# ###~~♣########.#.## #
..##.# #P~~~♣##.........# #
####†# #~~~~~#####......# #
...#.########~###..##.##...#
#
##..........#####.....######
#
###.######.....#.....######
#


There were no monsters in sight!

Vanquished Creatures
  Cerebov (Pan)
  Antaeus (Coc:7)
  the Royal Jelly (Slime:5)
  Asmodeus (Geh:7)
  the Serpent of Hell (Geh:7)
  Gloorx Vloq (Pan)
  Ignacio (Pan)
  Lom Lobon (Pan)
  Mnoleg (Pan)
  7 dread liches
  9 ancient liches
  Dispater (Dis:7)
  2 orbs of fire
  The ghost of Plog the Crack Shot, a legendary FoHu of Dithmenos (Zot:4)
  5 juggernauts
  18 royal mummies
  3 pandemonium lords (Pan)
  5 Killer Klowns
  4 shard shrikes (Coc:7)
  Josephina (Crypt:3)
  Saint Roka (Vaults:4)
  3 curse toes
  16 caustic shrikes
  Geryon (Hell)
  2 profane servitors
  Jory (Vaults:5)
  A pearl dragon (Pan)
  Arachne (Spider:3)
  12 bone dragons
  11 golden dragons
  8 iron giants
  6 electric golems
  5 Tzitzimimeh
  5 hellephants
  9 doom hounds
  8 Brimstone Fiends
  7 tainted leviathans
  A shard shrike skeleton (Crypt:3)
  A shard shrike zombie (Abyss:2)
  21 tentacled monstrosities
  16 Ice Fiends
  A deep elf blademaster (Elf:3)
  9 liches
  11 searing wretches
  6 Orb Guardians
  2 deep elf master archers (Elf:3)
  A walking divine tome (Depths:2)
  Asterion (Vaults:1)
  14 Hell Sentinels
  16 quicksilver dragons
  6 titans
  10 sphinxes
  13 acid blobs
  28 ancient champions
  4 tentacled starspawn
  24 Executioners
  5 death cobs
  3 tengu reavers
  13 shadow dragons
  13 storm dragons
  10 revenants
  7 draconian monks
  A daeva (Pan)
  11 azure jellies
  4 demonspawn warmongers (Pan)
  12 rockslimes
  17 iron dragons
  11 vault wardens
  33 fire giants
  16 quicksilver elementals
  12 narguns
  2 deep elf sorcerers
  3 draconian knights
  7 draconian scorchers
  5 shard shrike simulacra
  3 spectral juggernauts
  12 emperor scorpions
  9 draconian stormcallers
  41 balrugs
  4 draconian annihilators
  14 frost giants
  8 ghost moths
  8 demonspawn corrupters (Pan)
  4 angels
  A spectral caustic shrike (Tar:2)
  4 curse skulls
  14 reapers
  12 draconian shifters
  17 ghouls
  An orc warlord (Orc:2)
  17 cacodemons
  29 war gargoyles
  4 deep elf elementalists (Elf:3)
  2 ophanim (Abyss:4)
  A broodmother (shapeshifter) (D:14)
  9 quicksilver oozes
  7 ironbound thunderhulks
  2 demonspawn blood saints (Pan)
  10 ironbound preservers
  19 very ugly things
  23 stone giants
  18 black draconians
  3 putrid mouths
  Nessos (D:14)
  11 yellow draconians
  10 elemental wellsprings
  7 green draconians
  5 white draconians
  8 apis (Pan)
  3 demonspawn black suns (Pan)
  5 dire elephants
  3 vampire knights
  6 deep elf demonologists
  17 lorocyprocas (Pan)
  4 wendigos
  26 purple draconians
  2 bennus (Tomb:2)
  6 deep elf annihilators
  18 red draconians
  10 spark wasps
  12 eidola
  19 iron golems
  12 merfolk impalers
  8 blizzard demons
  3 crystal guardians
  18 mummy priests
  9 ettins
  8 fire dragons
  3 spectral quicksilver dragons
  2 deep elf death magi (Elf:3)
  6 merfolk javelineers
  10 green deaths
  5 entropy weavers
  2 deep elf high priests (Vaults:5)
  4 spriggan zombies
  17 yaktaur captains
  3 jiangshi (Crypt:1)
  3 spectral golden dragons
  2 rakshasas (Abyss:4)
  A spectral fenstrider witch (Crypt:3)
  3 spectral spriggans
  9 great orbs of eyes
  A great orb of eyes (shapeshifter) (Depths:2)
  35 vault guards
  10 salamander tyrants
  7 hell beasts
  2 ogre magi
  3 radroaches
  5 peacekeepers
  4 spriggan air magi
  A jorogumo (Spider:1)
  2 death knights
  9 juggernaut simulacra
  9 ironbound frosthearts
  2 caustic shrike simulacra
  An alligator snapping turtle (Shoals:3)
  3 two-headed ogres
  7 centaur warriors
  7 ice dragons
  12 deep troll shamans
  2 merfolk avatars
  32 dancing weapons
  2 spriggan skeletons (Pan)
  2 satyrs
  13 stokers
  The ghost of Hipteiro the Marksspriggan, a journeyman SpHu of Hepliaklqana (D:13)
  A catoblepas (D:15)
  3 merfolk aquamancers (Shoals:4)
  A fenstrider witch skeleton (Pan)
  5 boulder beetles
  48 death scarabs
  5 vampire magi
  37 hell hogs
  4 spectral nagas
  An emperor scorpion zombie (Crypt:2)
  5 orc high priests
  4 death yaks
  A titan zombie (Crypt:1)
  13 deep troll earth magi
  3 thrashing horrors
  8 tengu warriors
  60 sun demons
  10 spriggan berserkers
  2 spectral dire elephants
  2 spriggans (Depths:4)
  6 deep elf knights
  A skyshark (shapeshifter) (Vaults:5)
  2 shock serpents (Zot:3)
  13 crystal echidnas
  10 hell knights
  37 soul eaters
  8 iron trolls
  3 wretched stars
  2 fire crabs (Geh:1)
  26 sixfirhies
  3 sun moths
  31 shadow wraiths
  A spectral bunyip (Crypt:3)
  11 skysharks
  16 flayed ghosts
  4 pharaoh ants
  A sea snake (shapeshifter) (Elf:1)
  23 skeletal warriors
  36 deep trolls
  13 sea snakes
  2 ghost moth zombies
  7 deep elf archers
  A death drake (shapeshifter) (Vaults:5)
  3 quicksilver dragon simulacra
  An anaconda zombie (Crypt:1)
  2 shadow demons (Pan)
  4 glowing orange brains
  2 cherubim (Abyss:4)
  14 orb spiders
  11 lindwurms
  7 bog bodies
  4 anaconda skeletons
  5 orc knights
  Pikel (D:6)
  7 necromancers
  12 wizards
  A fenstrider witch simulacrum (Crypt:3)
  15 ironbound convokers
  A spriggan simulacrum (Coc:7)
  A wolf spider zombie (Crypt:3)
  22 phantasmal warriors
  34 deep elf pyromancers
  A harpy (shapeshifter) (Abyss:4)
  4 fauns
  24 deep elf zephyrmancers
  A goliath frog skeleton (Crypt:2)
  40 harpies
  11 steelbarb worms
  A spectral ettin (Tar:5)
  4 shining eyes
  42 ugly things
  9 cyclopes
  22 wolf spiders
  26 moths of wrath
  2 worldbinders
  9 orc sorcerers
  A spectral centaur (Tar:2)
  A black mamba (shapeshifter) (D:12)
  A will-o-the-wisp (Abyss:4)
  8 manticores
  An iron dragon skeleton (Pan)
  17 elephants
  A centaur zombie (Crypt:2)
  11 rust devils
  9 merfolk sirens
  21 vault sentinels
  An eye of devastation (Slime:5)
  7 water nymphs
  28 orange demons
  3 ice statues (Coc:7)
  3 titan simulacra
  3 black mambas
  10 demonic crawlers
  45 smoke demons
  2 alligator snapping turtle zombies (Crypt:2)
  4 torpor snails
  3 gargoyles
  27 hellions
  An unseen horror (shapeshifter) (D:15)
  3 dire elephant skeletons (Pan)
  Psyche (D:8)
  A kobold demonologist (D:12)
  13 cane toads
  8 efreet
  6 unseen horrors
  4 rime drakes
  A redback zombie (Crypt:3)
  26 tormentors
  A white draconian zombie (Crypt:1)
  11 komodo dragons
  An alligator snapping turtle skeleton (Crypt:3)
  2 sea snake zombies (Hell)
  38 yaktaurs
  An iron troll zombie (Crypt:3)
  22 freezing wraiths
  8 tengu conjurers
  5 anaconda simulacra
  2 golden dragon simulacra
  26 guardian mummies
  An ice devil (Pan)
  A pale draconian skeleton (Crypt:1)
  8 red devils
  2 hydra zombies (Hell)
  5 ancient zymes
  A spectral harpy (Tar:3)
  27 merfolk
  2 black draconian skeletons (Crypt:2)
  51 large abominations
  14 hellwings
  An iron giant simulacrum (Coc:2)
  2 queen bees
  15 wind drakes
  6 harpy zombies
  A queen bee (shapeshifter) (Elf:1)
  2 polar bears (Lair:5)
  2 silent spectres
  14 trolls
  2 hydra skeletons
  14 tarantellas
  A blink frog (shapeshifter) (D:13)
  20 blink frogs
  A boulder beetle zombie (Crypt:2)
  21 raiju
  7 snapping turtles
  A stone giant simulacrum (Coc:1)
  12 hornets
  2 alligator zombies (Hell)
  14 dream sheep
  24 jumping spiders
  3 harpy skeletons
  68 slime creatures
  22 culicivoras
  A centaur simulacrum (Coc:2)
  27 ynoxinuls
  25 flying skulls
  3 naga simulacra
  12 shadows
  9 air elementals
  35 water elementals
  9 ushabtiu
  2 vampires
  16 wraiths
  5 wyverns
  4 dire elephant simulacra
  6 basilisks
  38 yaks
  4 fire elementals
  39 starcursed masses
  48 redbacks
  6 golden eyes (Slime:5)
  5 steam dragons
  A hog (shapeshifter) (D:12)
  4 fire bats
  10 vampire mosquitoes
  7 chaos spawn
  20 neqoxecs
  4 wargs
  7 small abominations
  A faun zombie (Crypt:1)
  7 harpy simulacra
  A naga zombie (Crypt:1)
  13 water moccasins
  A deep troll skeleton (Crypt:2)
  Duvessa (D:7)
  4 naga skeletons
  2 swamp drakes (Lair:5)
  A cane toad skeleton (Crypt:1)
  A hornet zombie (Crypt:1)
  32 orc warriors
  A merfolk simulacrum (Crypt:3)
  A fire dragon simulacrum (Coc:1)
  5 black bears
  An ice beast (D:6)
  An alligator simulacrum (Hell)
  6 ettin simulacra
  A boggart (D:7)
  A sky beast (D:8)
  9 ogres
  A tengu (D:11)
  A tengu (shapeshifter) (Abyss:4)
  A dream sheep skeleton (Crypt:2)
  2 swamp dragon skeletons
  4 lemures
  9 centaurs
  3 phantoms (D:12)
  5 wolves
  5 bullfrogs
  5 kobold brigands
  5 necrophages
  9 earth elementals
  A two-headed ogre simulacrum (Crypt:2)
  5 scorpions
  A gnoll sergeant (D:10)
  25 wights
  Dowan (D:7)
  24 killer bees
  2 howler monkeys
  A queen bee zombie (Crypt:1)
  9 electric eels
  8 crimson imps (Pan)
  A quasit (Abyss:3)
  4 hounds
  2 jellies
  Crazy Yiuf (D:3)
  A gnoll bouda (Orc:2)
  11 orc priests
  4 centaur skeletons
  An iron imp (Abyss:3)
  A boggart zombie (Crypt:1)
  4 iguanas
  19 orc wizards
  5 lightning spires (Zot:3)
  6 hell rats
  Natasha (thrice) (D:1)
  An acid dragon zombie (Crypt:3)
  6 ogre zombies (D:12)
  An ogre skeleton (Crypt:2)
  Robin (D:2)
  32 mummies
  7 gnolls
  2 adders
  4 white imps
  6 ufetubi
  A jelly zombie (Crypt:1)
  An adder skeleton (Crypt:2)
  A lava snake skeleton (Crypt:1)
  A worm (D:2)
  4 dart slugs
  66 orcs
  5 bats
  A bat zombie (Shoals:3)
  7 endoplasms
  7 giant cockroaches
  17 goblins
  9 hobgoblins
  8 jackals
  4 quokkas
  11 ball pythons
  A dart slug zombie (Crypt:2)
  7 frilled lizards
  A goblin skeleton (D:12)
  2 goblin zombies (D:12)
  2 hobgoblin skeletons (D:12)
  4 hobgoblin zombies (D:12)
  24 kobolds
  A kobold zombie (Crypt:1)
  6 orc skeletons (D:12)
  4 orc zombies (D:12)
  A quokka zombie (Crypt:3)
  5 rats
  6 ball lightnings
  A butterfly (Lair:1)
  6 creeping infernos
  11 fire vortices
  3 plants
  2 starspawn tentacles (Abyss:4)
3786 creatures vanquished.

Vanquished Creatures (collateral kills)
  A royal mummy (Tomb:3)
  A Brimstone Fiend (Zot:4)
  An electric golem (Zot:5)
  A spectral shard shrike (Tar:4)
  3 Orb Guardians (Zot:5)
  Ilsuiw (Shoals:3)
  A putrid mouth (Tar:4)
  A spectral titan (Tar:4)
  An eidolon (Tar:7)
  A merfolk javelineer (Shoals:3)
  A shadow wraith (Tar:4)
  5 guardian mummies (Tomb:3)
  2 flying skulls (Tomb:3)
  6 ushabtiu (Tomb:3)
  A killer bee (D:10)
  3 mummies (Tomb:3)
30 creatures vanquished.

Vanquished Creatures (others)
  2 royal mummies (Tomb:3)
  A Killer Klown (Zot:5)
  A golden dragon (Zot:5)
  3 Tzitzimimeh
  7 Orb Guardians
  2 tainted leviathans
  A revenant (Tomb:3)
  2 putrid mouths
  5 eidola (Tar:7)
  3 mummy priests (Tomb:3)
  A merfolk impaler (Shoals:3)
  A spriggan zombie (Tomb:3)
  A caustic shrike simulacrum (Coc:4)
  A spriggan skeleton (Tomb:3)
  A sea snake (Shoals:1)
  A wizard (Pan)
  A moth of wrath (Zot:5)
  A smoke demon (Pan)
  An iron giant simulacrum (Coc:5)
  5 guardian mummies (Tomb:3)
  6 flying skulls
  8 ushabtiu (Tomb:3)
  A yak (D:10)
  A redback (Spider:3)
  A chaos spawn (Pan)
  2 harpy simulacra
  A hydra simulacrum (Coc:4)
  An ettin simulacrum (Coc:7)
  2 killer bees
  A small abomination (Abyss:2)
  6 mummies
  A gnoll (Orc:2)
  2 orcs
  3 ball lightnings
  A creeping inferno (Geh:3)
  A fire vortex (Geh:5)
  2 foxfires (Abyss:4)
  45 fungi
  189 plants
  12 starspawn tentacles
327 creatures vanquished.

Grand Total: 4143 creatures vanquished

Notes
Turn   | Place    | Note
-------+----------+-------------------------------------------
     0 | D:1      | Wizard1ke the Draconian Warper began the quest for the Orb.
     0 | D:1      | Reached XP level 1. HP: 17/17 MP: 3/3
   201 | D:1      | Reached XP level 2. HP: 25/25 MP: 5/5
   479 | D:1      | Learned a level 2 spell: Blink
   521 | D:1      | Reached XP level 3. HP: 29/31 MP: 6/6
  1055 | D:2      | Noticed Natasha
  1110 | D:1      | Killed Natasha
  1158 | D:2      | Reached XP level 4. HP: 31/40 MP: 7/7
  1633 | D:2      | Noticed Robin
  1688 | D:1      | Noticed Natasha
  1704 | D:1      | Killed Natasha
  2083 | D:2      | Killed Robin
  2556 | D:3      | Reached XP level 5. HP: 46/46 MP: 8/8
  2556 | D:3      | Found a burning altar of Makhleb.
  2559 | D:3      | Found a glowing golden altar of the Shining One.
  2562 | D:3      | Found a white marble altar of Elyvilon.
  2564 | D:3      | Found a shimmering blue altar of Sif Muna.
  2565 | D:3      | Found a bloodstained altar of Trog.
  2566 | D:3      | Found a hazy altar of Hepliaklqana.
  2569 | D:3      | Found a shadowy altar of Dithmenos.
  2588 | D:3      | Became a worshipper of the Shining One
  2623 | D:3      | Found a faded altar of an unknown god.
  3265 | D:3      | Found a runed translucent door.
  3266 | D:3      | Noticed Crazy Yiuf
  3631 | D:4      | Found a basalt altar of Yredelemnul.
  4002 | D:4      | Noticed a black bear
  4195 | D:4      | Killed a black bear
  4196 | D:4      | Reached skill level 5 in Fighting
  4196 | D:4      | Reached skill level 1 in Evocations
  4196 | D:4      | Reached XP level 6. HP: 32/56 MP: 9/9
  4471 | D:5      | Entered Level 5 of the Dungeon
  4663 | D:5      | Noticed a steam dragon
  4672 | D:5      | Killed a steam dragon
  4673 | D:5      | Reached skill level 5 in Unarmed Combat
  4673 | D:5      | Your scales start taking on a fiery red colour.
  4673 | D:5      | Reached XP level 7. HP: 29/62 MP: 10/10
  4673 | D:5      | Gained mutation: Your flesh is heat resistant. (rF+) [Red
                  | Draconian growth]
  4814 | D:5      | Found a staircase to the Ecumenical Temple.
  4820 | Temple   | Entered the Ecumenical Temple
  4834 | Temple   | Fell from the grace of the Shining One
  4834 | Temple   | Became a worshipper of Gozag Ym Sagoz the Greedy
  5228 | D:5      | Learned a level 2 spell: Lesser Beckoning
  5232 | D:5      | Learned a level 3 spell: Vhi's Electric Charge
  5391 | D:6      | Found an ornate altar of the Wu Jian Council.
  5396 | D:6      | Noticed a spectral centipede
  5396 | D:6      | Noticed a spectral black mamba
  5396 | D:6      | Noticed a spectral cane toad
  5502 | D:6      | Found a snail-covered altar of Cheibriados.
  6363 | D:6      | Noticed Pikel
  6534 | D:6      | Killed Pikel
  6535 | D:6      | Reached XP level 8. HP: 43/74 MP: 11/11
  7043 | D:6      | Noticed a troll
  8116 | D:6      | Reached XP level 9. HP: 81/83 MP: 12/12
  8468 | D:7      | Noticed Menkaure
  9230 | D:7      | Noticed Maggie
  9382 | D:7      | Maggie changed into Maggie the naga
  9382 | D:7      | Noticed Maggie
  9383 | D:7      | Maggie the naga changed into Maggie the wyvern
  9383 | D:7      | Noticed Maggie
  9388 | D:7      | Killed Maggie the wyvern
  9420 | D:7      | Noticed Dowan
  9420 | D:7      | Noticed Duvessa
  9702 | D:7      | Killed Duvessa
  9703 | D:7      | Reached skill level 10 in Fighting
  9845 | D:7      | Killed Dowan
 10493 | D:7      | Reached skill level 5 in Dodging
 11027 | D:7      | Reached XP level 10. HP: 60/87 MP: 13/13
 11572 | D:8      | Noticed Psyche
 11589 | D:8      | Killed Psyche
 11590 | D:8      | Reached skill level 10 in Unarmed Combat
 12055 | D:8      | Found a stormy altar of Qazlal.
 12582 | D:9      | Noticed Erica
 12584 | D:9      | Erica changed into Erica the elephant
 12584 | D:9      | Noticed Erica
 12596 | D:9      | Killed Erica the elephant
 12713 | D:9      | Found a runed translucent gate.
 12713 | D:9      | Found a runed translucent gate.
 12713 | D:9      | Found a runed translucent gate.
 12719 | D:9      | Found an opulent altar of Gozag.
 12721 | D:9      | Noticed Caerwyn's ghost (novice DEAE)
 12722 | D:9      | Noticed a brown ugly thing
 13102 | D:3      | Killed Crazy Yiuf
 14030 | D:9      | Found a sparkling altar of Nemelex Xobeh.
 14222 | D:9      | Learned a level 4 spell: Manifold Assault
 14248 | D:10     | Entered Level 10 of the Dungeon
 14956 | D:10     | Reached XP level 11. HP: 97/102 MP: 14/14
 15681 | D:10     | Reached skill level 5 in Translocations
 15685 | D:10     | Noticed a two-headed ogre
 15685 | D:10     | Noticed a deep elf pyromancer
 15686 | D:10     | Noticed a two-headed ogre
 15866 | D:10     | Found a staircase to the Lair.
 15888 | D:10     | Identified the +8 quarterstaff of Uloyhyu {freeze, Contam
                  | Str+7}
 16220 | D:10     | Killed a two-headed ogre
 16572 | D:10     | Killed a two-headed ogre
 17211 | D:10     | Killed a deep elf pyromancer
 17532 | D:11     | Noticed a two-headed ogre
 17539 | D:11     | Noticed a skeletal warrior
 17540 | D:11     | Killed a two-headed ogre
 17622 | Lair:1   | Entered Level 1 of the Lair of Beasts
 18452 | Lair:1   | Reached XP level 12. HP: 94/113 MP: 15/15
 18644 | Lair:1   | Noticed a death yak
 18645 | Lair:1   | Noticed a death yak
 18686 | Lair:1   | Killed a death yak
 18761 | Lair:1   | Noticed a death yak
 18761 | Lair:1   | Noticed a death yak
 18813 | D:10     | Killed a death yak
 18862 | D:10     | Killed a death yak
 19005 | Lair:1   | Killed a death yak
 19584 | Lair:1   | Noticed Amaemon
 19645 | Lair:1   | Amaemon changed into Amaemon the queen bee
 19645 | Lair:1   | Noticed Amaemon
 19652 | D:10     | Killed Amaemon the queen bee
 21058 | Lair:3   | Found a staircase to the Shoals.
 21109 | Lair:2   | Reached skill level 15 in Unarmed Combat
 21493 | Lair:3   | Reached XP level 13. HP: 124/124 MP: 16/16
 21515 | Lair:3   | Found a runed translucent door.
 21558 | Lair:3   | Noticed Taxman66's ghost (journeyman DrFE)
 22019 | Lair:3   | Found a hole to the Spider Nest.
 22920 | Lair:4   | Found a viscous altar of Jiyva.
 22921 | Lair:4   | Found a staircase to the Slime Pits.
 23787 | Lair:5   | Entered Level 5 of the Lair of Beasts
 25343 | Lair:5   | Reached skill level 15 in Fighting
 26363 | D:11     | Bought a book of Weapons for 504 gold pieces
 26369 | D:11     | Learned a level 5 spell: Blade Hands
 26407 | D:11     | Reached skill level 1 in Transmutations
 26559 | D:11     | Reached XP level 14. HP: 135/135 MP: 17/17
 27173 | D:11     | Noticed Sonja
 27176 | D:11     | Sonja changed into Sonja the tengu
 27176 | D:11     | Noticed Sonja
 27182 | D:11     | Killed Sonja the tengu
 27763 | D:12     | Found a staircase to the Orcish Mines.
 28081 | D:12     | Found a runed translucent door.
 28112 | D:12     | Found a runed translucent door.
 28125 | D:12     | Found a runed translucent door.
 28135 | D:12     | Found a runed translucent door.
 28245 | D:12     | Learned a level 2 spell: Passwall
 28290 | D:12     | Identified the +0 scale mail of Noon {Int+7 Dex-3}
 28423 | D:12     | Reached skill level 5 in Transmutations
 28703 | D:13     | Identified the +0 robe of Loss {Will+ Int+3 Archmagi}
 29025 | D:13     | Found a runed translucent door.
 29136 | D:13     | Noticed Hipteiro's ghost (journeyman SpHu)
 29721 | D:14     | Noticed Nessos
 29827 | Orc:1    | Entered Level 1 of the Orcish Mines
 30013 | Orc:1    | Found a transporter.
 30028 | Orc:1    | Found a transporter.
 30042 | Orc:1    | Noticed Dorkslayer's ghost (journeyman GrFi)
 30439 | Orc:1    | Found Kaon's Weapon Shoppe.
 30749 | Orc:2    | Entered Level 2 of the Orcish Mines
 30751 | Orc:2    | Found Nyrop's Antique Armour Emporium.
 31565 | Orc:2    | Found Aleblami's General Store.
 31905 | Orc:2    | Noticed an orc warlord
 32017 | Orc:2    | Killed an orc warlord
 32302 | Orc:2    | Found Ygyoridd's Antique Weapon Shoppe.
 32336 | Orc:2    | Found a staircase to the Elven Halls.
 32841 | Orc:2    | Found Ufiunn's Jewellery Shop.
 32849 | Orc:2    | Bought a ring of protection from cold for 350 gold pieces
 32849 | Orc:2    | Bought the ring "Zaegatwo" {rPois Will+} for 456 gold
                  | pieces
 32935 | Orc:2    | Bought a scroll of teleportation for 42 gold pieces
 33001 | D:14     | Identified the +4 spear of the Twisting Gods {drain, Str+3
                  | Stlth+}
 33395 | D:14     | Killed Nessos
 33516 | D:14     | Noticed a white very ugly thing
 34058 | D:14     | Reached XP level 15. HP: 115/141 MP: 15/21
 35386 | D:14     | Found a gate to the Vaults.
 35417 | D:15     | Entered Level 15 of the Dungeon
 36123 | D:15     | Found a staircase to the Depths.
 36923 | D:15     | Reached skill level 5 in Spellcasting
 37091 | D:15     | Identified the +4 scimitar of War {flame, rF++}
 37312 | D:15     | Reached skill level 5 in Evocations
 37500 | Spider:1 | Entered Level 1 of the Spider Nest
 37696 | Spider:1 | Reached skill level 10 in Transmutations
 38046 | Spider:1 | Noticed an emperor scorpion
 38053 | Spider:1 | Killed an emperor scorpion
 38687 | Spider:2 | You fall into a shaft and drop 1 floor!
 38687 | Spider:3 | Noticed an emperor scorpion
 39513 | Spider:2 | Killed an emperor scorpion
 40114 | Spider:2 | Reached XP level 16. HP: 145/152 MP: 17/23
 40782 | Spider:2 | Bought a scroll of fog for 56 gold pieces
 40782 | Spider:2 | Bought a scroll of identify for 28 gold pieces
 40782 | Spider:2 | Bought a scroll of poison for 56 gold pieces
 40782 | Spider:2 | Bought a scroll of identify for 28 gold pieces
 40782 | Spider:2 | Bought a scroll of blinking for 105 gold pieces
 40782 | Spider:2 | Bought a scroll of identify for 28 gold pieces
 40782 | Spider:2 | Bought a scroll of identify for 28 gold pieces
 40803 | Spider:2 | Reached skill level 10 in Dodging
 41273 | Spider:3 | Noticed Roxanne
 42433 | Spider:3 | Paralysed by a hornet for 2 turns
 43442 | Spider:4 | Entered Level 4 of the Spider Nest
 43618 | Spider:4 | Reached skill level 10 in Translocations
 46229 | Spider:4 | Noticed Arachne
 46309 | Spider:3 | Killed Arachne
 46781 | Spider:4 | Reached XP level 17. HP: 135/163 MP: 18/24
 47078 | Spider:4 | Found the +3 pair of mountain boots {steadfast, rC+}
 47350 | Spider:4 | Got a gossamer rune of Zot
 47364 | Spider:4 | Identified the +5 trident of Dishonour {drain, Will+ Int+3
                  | Stlth+}
 47715 | Shoals:1 | Entered Level 1 of the Shoals
 48827 | D:13     | Killed Hipteiro's ghost
 48841 | D:13     | Got the Writings on Transmutation
 48851 | D:13     | Learned a level 7 spell: Storm Form
 49007 | Shoals:1 | Reached skill level 1 in Air Magic
 49198 | Shoals:1 | Identified the +1 robe of the Invisible Priests {rF++
                  | Str-3}
 51878 | Shoals:3 | Noticed Ilsuiw
 52147 | Shoals:3 | Reached skill level 5 in Air Magic
 52621 | Shoals:3 | Killed Ilsuiw
 53621 | Shoals:4 | Entered Level 4 of the Shoals
 54022 | Shoals:4 | Reached XP level 18. HP: 127/173 MP: 21/25
 54302 | Shoals:4 | Identified the +7 whip "Esessywn" {speed, Int+2 SInv}
 54656 | Shoals:4 | Paralysed by an air elemental for 1 turns
 54793 | Shoals:4 | Paralysed by an air elemental for 1 turns
 55216 | Shoals:4 | Paralysed by an air elemental for 1 turns
 55283 | Shoals:4 | Identified a scroll of acquirement
 55406 | Shoals:4 | Paralysed by an air elemental for 1 turns
 55989 | Shoals:4 | Paralysed by an air elemental for 1 turns
 56286 | Shoals:4 | Identified the +3 cloak "Jilagi" {Will+ Str+3}
 56306 | Shoals:4 | Got a barnacled rune of Zot
 56636 | Vaults:1 | Entered Level 1 of the Vaults
 57417 | Vaults:1 | Noticed Asterion
 57422 | Vaults:1 | Killed Asterion
 58263 | Vaults:1 | Reached skill level 15 in Transmutations
 58839 | Vaults:1 | Noticed Zenata
 58918 | Vaults:1 | Gained mutation: You are weak. (Str -2) [mutagenic glow]
 58935 | Vaults:1 | Gained mutation: Your magical capacity is low. (-10% MP)
                  | [mutagenic glow]
 59558 | Vaults:2 | Reached XP level 19. HP: 122/181 MP: 13/23
 60830 | Vaults:2 | Bought a scroll of teleportation for 90 gold pieces
 60830 | Vaults:2 | Bought a potion of heal wounds for 150 gold pieces
 61290 | Vaults:2 | Bought 3 scrolls of teleportation for 306 gold pieces
 61290 | Vaults:2 | Bought a potion of heal wounds for 170 gold pieces
 61290 | Vaults:2 | Bought a potion of resistance for 340 gold pieces
 61757 | Vaults:3 | Found a staircase to the Crypt.
 61790 | Vaults:3 | Found Numup's General Store.
 64386 | Vaults:4 | Noticed Saint Roka
 65384 | Vaults:4 | Killed Saint Roka
 66415 | Elf:1    | Entered Level 1 of the Elven Halls
 66525 | Elf:1    | Reached XP level 20. HP: 192/193 MP: 19/24
 66593 | Elf:1    | Got Woileoh's Excursus on the Shot
 66809 | Abyss:2  | Cast into level 2 of the Abyss (+2 glaive of distortion)
 67047 | Abyss:2  | Paralysed by accursed screaming for 1 turns
 67329 | Elf:1    | Escaped the Abyss
 67491 | Elf:1    | Paralysed by an air elemental for 1 turns
 67524 | Elf:1    | Found Ymuaf's Weapon Emporium.
 67918 | Elf:1    | Gained mutation: You have hidden genetic defects.
                  | [mutagenic glow]
 67944 | Elf:1    | Lost mutation: You have hidden genetic defects. [potion of
                  | mutation]
 67944 | Elf:1    | Lost mutation: You are weak. (Str -2) [potion of mutation]
 67944 | Elf:1    | Lost mutation: Your magical capacity is low. (-10% MP)
                  | [potion of mutation]
 67944 | Elf:1    | Gained mutation: You have a pair of small horns on your
                  | head. [potion of mutation]
 67944 | Elf:1    | Gained mutation: You are strong-willed. (Will+) [potion of
                  | mutation]
 68689 | Elf:2    | Found a runed translucent gate.
 68689 | Elf:2    | Found a runed translucent gate.
 68689 | Elf:2    | Found a runed translucent gate.
 68850 | Elf:2    | Acquired 754 gold pieces
 69090 | Elf:3    | Entered Level 3 of the Elven Halls
 69090 | Elf:3    | Found a radiant altar of Vehumet.
 70762 | Elf:3    | Identified the ring "Alodon" {Contam rElec rF++ rCorr
                  | Stlth+}
 71171 | Elf:3    | Found the +16 obsidian axe {drain, demonic, Mesm Drain Fly
                  | SInv}
 71268 | Elf:3    | Identified the staff of death "Udutroc" {rN+ rCorr Str+3
                  | Int+3 Dex+4}
 71271 | Elf:3    | Identified the +2 pair of gloves of Polish {rF+}
 71326 | Elf:3    | Identified the +3 chain mail of Ignis's Regard {rPois}
 71423 | Elf:3    | Identified the staff of earth "Danoymn" {rF+ Str+4 Int+3
                  | Dex-3}
 71437 | Elf:3    | Identified the staff of air "Xiesch Wugu" {rElec rF++ rN+
                  | Will- Str+3}
 71824 | Depths:1 | Entered Level 1 of the Depths
 72682 | Depths:1 | Reached XP level 21. HP: 204/204 MP: 25/29
 72765 | Depths:1 | Found a sacrificial altar of Ru.
 72876 | Depths:1 | Found a gateway to Hell.
 73381 | Depths:1 | Identified the ring of Knowledge {+Blink rElec rN+}
 74070 | Depths:2 | Found a one-way gate leading to the halls of Pandemonium.
 74226 | Depths:2 | Found a one-way gateway to a ziggurat.
 74312 | Depths:2 | Found a one-way gate to the infinite horrors of the Abyss.
 74455 | Depths:2 | Found a runed translucent door.
 74456 | Depths:2 | Found a runed translucent door.
 74717 | Depths:3 | Found an opulent altar of Gozag.
 75984 | Depths:3 | Found a bloodstained altar of Trog.
 75997 | Depths:3 | Identified the +1 morningstar of Hospitality {freeze, rN+
                  | Int+4}
 76387 | Depths:3 | Learned a level 6 spell: Dispersal
 76388 | Depths:4 | Entered Level 4 of the Depths
 76673 | Depths:4 | Found a gate to the Realm of Zot.
 76999 | Depths:3 | Reached XP level 22. HP: 188/215 MP: 29/31
 77748 | Depths:4 | Found a blossoming altar of Fedhas.
 78064 | Vaults:5 | Entered Level 5 of the Vaults
 78147 | Vaults:5 | Noticed Jory
 78155 | Vaults:5 | Killed Jory
 78354 | Vaults:5 | Reached XP level 23. HP: 221/225 MP: 25/32
 78355 | Vaults:5 | Reached XP level 24. HP: 231/234 MP: 26/32
 78494 | Vaults:5 | Got the Vellum of Transforming Accomplices
 78678 | Vaults:5 | Identified the +4 rapier "Irrepeb" {drain, rPois Str+3}
 78687 | Vaults:5 | Identified the +5 mace of Latz {flame, rCorr Str+6}
 78773 | Vaults:5 | Identified the staff of death "Qeruej" {rN+ MP+9 Str+3
                  | Int-2}
 78777 | Vaults:5 | Got the Directory of Gritty Transmutation
 79022 | Vaults:3 | Learned a level 7 spell: Dragon Form
 79023 | Vaults:3 | Acquired the ring of Gahoafy {rF+ rC++ Will+ MP-9 Stlth+}
 79154 | Vaults:5 | Identified the +6 executioner's axe of Desperation {venom,
                  | rC+ Str-4 Int+4}
 79347 | Vaults:5 | Identified the +7 triple crossbow of the Kissing Seer
                  | {heavy, rPois rF+ Int-2 SInv}
 79423 | Vaults:5 | Got a silver rune of Zot
 79645 | Vaults:5 | Identified the +11 halberd of the Intense God {freeze,
                  | rElec Dex+6}
 79881 | Vaults:5 | Identified the staff of conjuration "Yfurah" {rC+ Int+3
                  | Dex+3}
 80849 | Crypt:1  | Entered Level 1 of the Crypt
 82053 | Crypt:2  | Reached XP level 25. HP: 245/245 MP: 18/33
 82970 | Crypt:3  | Entered Level 3 of the Crypt
 83365 | Crypt:3  | Found a staircase to the Tomb.
 83709 | Crypt:3  | Found an ancient bone altar of Kikubaaqudgha.
 83724 | Crypt:3  | Identified the ring of Immorality {Ice Will- Str+3 Int+5}
 83724 | Crypt:3  | Noticed Josephina
 83737 | Crypt:3  | Killed Josephina
 83738 | Crypt:3  | Reached skill level 15 in Translocations
 83977 | Crypt:3  | Identified the staff of conjuration "Fijuyquh" {rElec rC+
                  | rCorr MP-9 SInv}
 84177 | Crypt:3  | Identified the ring of the Albatross {Drain rElec rPois rN+
                  | Int+7}
 84177 | Crypt:3  | Identified the ring "Xudgho" {rN+ Will+ MP-9 Str+5}
 84565 | Crypt:3  | Noticed a dread lich
 84570 | Crypt:3  | Killed a dread lich
 84978 | Slime:1  | Entered Level 1 of the Pits of Slime
 85243 | Slime:4  | Reached skill level 10 in Spellcasting
 85332 | Slime:5  | Entered Level 5 of the Pits of Slime
 85685 | Slime:5  | Found a viscous altar of Jiyva.
 85686 | Slime:5  | Noticed the Royal Jelly
 85687 | Slime:5  | Found the +8 Wrath of Trog {antimagic, *Rage Rampage}
 85731 | Slime:5  | Killed the Royal Jelly
 85747 | Slime:5  | Reached XP level 26. HP: 163/258 MP: 7/37
 85942 | Slime:5  | Got Ereshkigal's Teachings on Impulse
 85953 | Slime:5  | Identified the +0 glaive of Acuosa {flame, *Noise +Blink
                  | Str+4}
 85971 | Slime:5  | Identified the +6 trident "Nut Ycu" {antimagic, +Blink
                  | Int+3 SInv}
 85993 | Slime:5  | Identified the ring "Acriezxi" {rF- MP+9 Int+4 Dex+4}
 86028 | Slime:5  | Identified the +3 morningstar of the Flying Ancients
                  | {antimagic, Int+3}
 86045 | Slime:5  | Got a slimy rune of Zot
 86398 | Zot:1    | Entered Level 1 of the Realm of Zot
 87030 | Zot:1    | Noticed an orb of fire
 87036 | Zot:1    | Killed an orb of fire
 87154 | Zot:1    | Found a transporter.
 87376 | Zot:1    | Found a transporter.
 87752 | Zot:2    | Noticed an ancient lich
 87755 | Zot:2    | Killed an ancient lich
 91286 | Zot:2    | Reached XP level 27. HP: 207/269 MP: 14/37
 92763 | Zot:4    | Found a runed translucent gate.
 92763 | Zot:4    | Found a runed translucent gate.
 92763 | Zot:4    | Found a runed translucent gate.
 92764 | Zot:4    | Found an ancient bone altar of Kikubaaqudgha.
 92764 | Zot:4    | Noticed a dread lich
 92765 | Zot:4    | Noticed Plog's ghost (legendary FoHu)
 92765 | Zot:4    | Noticed an ancient lich
 92765 | Zot:4    | Noticed an ancient lich
 92765 | Zot:4    | Noticed a dread lich
 94947 | Zot:4    | Killed Plog's ghost
 94949 | Zot:4    | Killed a dread lich
 94952 | Zot:4    | Killed a dread lich
 94954 | Zot:4    | Killed an ancient lich
 94960 | Zot:4    | Killed an ancient lich
 95067 | Zot:4    | Identified the +1 cloak "Ycrunel" {rPois rC- Int+3 Dex+2}
 95081 | Zot:4    | Identified the ring of the Sun {Int+6 Dex+3}
 95117 | Zot:5    | Entered Level 5 of the Realm of Zot
 95963 | Pan      | Entered Pandemonium
 96104 | Pan      | Reached skill level 27 in Transmutations
 96596 | Pan      | Noticed Gidish the pandemonium lord
 97927 | Pan      | Got a demonic rune of Zot
 98181 | Pan      | Learned a level 5 spell: Yara's Violent Unravelling
 98190 | Pan      | Learned a level 8 spell: Necromutation
 98193 | Pan      | Noticed Fimee the pandemonium lord
 98255 | Pan      | Gained mutation: You do not regenerate when monsters are
                  | visible. [a cacodemon]
 98785 | Pan      | Noticed Disiv the pandemonium lord
 98791 | Pan      | Killed Disiv the pandemonium lord
 99040 | Pan      | Found a white marble altar of Elyvilon.
 99292 | Pan      | Found an exit through the horrors of the Abyss.
 99432 | Pan      | Noticed Aharet the pandemonium lord
 99449 | Pan      | Killed Aharet the pandemonium lord
 99871 | Pan      | Gained mutation: Your spells are a little easier to cast,
                  | but a little less powerful. [a neqoxec]
 99873 | Pan      | Reached skill level 27 in Fighting
 99873 | Pan      | Reached skill level 10 in Evocations
 99875 | Pan      | Noticed Ignacio
 99882 | Pan      | Killed Ignacio
 99883 | Pan      | Reached skill level 27 in Unarmed Combat
 99900 | Pan      | Reached skill level 1 in Necromancy
 99952 | Pan      | Noticed Qutif the pandemonium lord
100207 | Pan      | Noticed Vyadit the pandemonium lord
100217 | Pan      | Killed Vyadit the pandemonium lord
100223 | Pan      | Reached skill level 5 in Necromancy
100226 | Depths:2 | Escaped Pandemonium
100363 | Pan      | Entered Pandemonium
100363 | Pan      | Found an exit through the horrors of the Abyss.
100412 | Pan      | Entered the realm of Gloorx Vloq.
101554 | Pan      | Noticed Gloorx Vloq
101562 | Pan      | Killed Gloorx Vloq
101563 | Pan      | Reached skill level 10 in Necromancy
102089 | Pan      | Got a dark rune of Zot
102221 | Pan      | Entered the realm of Lom Lobon.
102234 | Pan      | Identified the +6 leather armour of the Hot Ocelot {rF- rN+
                  | Str+8 Int+2}
102751 | Pan      | Noticed Lom Lobon
102759 | Pan      | Killed Lom Lobon
102821 | Pan      | Got a magical rune of Zot
102943 | Pan      | Entered the realm of Cerebov.
103222 | Pan      | Found the +6 sword of Cerebov {flame}
103222 | Pan      | Noticed Cerebov
103261 | Pan      | Killed Cerebov
103444 | Pan      | Identified the +4 flail of the Lame Duck {heavy, rPois rF-
                  | Will++}
103445 | Pan      | Identified the +1 quarterstaff "Wigresic" {flame, rElec
                  | Str-5 Int+5 SInv}
103479 | Pan      | Got a fiery rune of Zot
103574 | Pan      | Identified the ring "Foxum" {Fly rN+ MP+9 Int+3}
103585 | Pan      | Identified the +5 mace of Ryarhai {heavy, Drain rPois rN++}
103661 | Pan      | Reached skill level 15 in Necromancy
103680 | Pan      | Got Veckoax's Codex of Clay and Putridity
103682 | Pan      | Got the Codex of Molten Rot
103892 | Pan      | Identified the +4 mace of Valuable Assets {freeze, rC+
                  | Dex+4}
103921 | Pan      | Identified the +8 hand axe "Wusaid" {antimagic, *Corrode
                  | Will+ Dex+3}
103924 | Pan      | Identified the staff of earth "Mootty" {*Corrode Will++
                  | Str+8 Dex-2}
103927 | Pan      | Identified the ring "Yngiz" {rN++ Will- rCorr Stlth+}
103930 | Pan      | Got Woggaibb's Parchment of Arson and the Swarm
104004 | Pan      | Reached skill level 1 in Earth Magic
104547 | Pan      | Entered the realm of Mnoleg.
104547 | Pan      | Found an exit through the horrors of the Abyss.
104751 | Pan      | Reached skill level 5 in Earth Magic
104802 | Pan      | Noticed Mnoleg
104805 | Pan      | Lost mutation: You are strong-willed. (Will+) [Mnoleg's
                  | mutagenic touch]
104812 | Pan      | Killed Mnoleg
104812 | Pan      | Gained mutation: You are clumsy. (Dex -2) [a cacodemon]
104858 | Pan      | Got a glowing rune of Zot
104952 | Pan      | Took an exit into the Abyss.
104952 | Abyss:2  | Escaped into the Abyss
104977 | Abyss:2  | Found a corrupted altar of Lugonu.
105059 | Abyss:2  | Found a corrupted altar of Lugonu.
105370 | Abyss:3  | Found a basalt altar of Yredelemnul.
105429 | Abyss:3  | Found a basalt altar of Yredelemnul.
105435 | Abyss:3  | Paralysed by accursed screaming for 1 turns
105466 | Abyss:3  | Found a basalt altar of Yredelemnul.
105708 | Abyss:4  | Found a corrupted altar of Lugonu.
105715 | Abyss:4  | Found a corrupted altar of Lugonu.
105715 | Abyss:4  | Found a corrupted altar of Lugonu.
105769 | Abyss:4  | Found a corrupted altar of Lugonu.
105978 | Abyss:4  | Found a corrupted altar of Lugonu.
105983 | Abyss:4  | Paralysed by accursed screaming for 1 turns
105986 | Abyss:4  | Paralysed by accursed screaming for 1 turns
106025 | Depths:2 | Escaped the Abyss
106149 | Depths:2 | Voluntarily entered the Abyss.
106240 | Abyss:4  | Found a glowing golden altar of the Shining One.
106246 | Abyss:4  | Noticed a juggernaut
106252 | Abyss:4  | Killed a juggernaut
106276 | Abyss:4  | Got an abyssal rune of Zot
106381 | Depths:2 | Escaped the Abyss
106727 | Depths:2 | Noticed a juggernaut
106745 | Depths:2 | Killed a juggernaut
106884 | Depths:2 | Identified the ring "Megriwneng" {Wiz Int+4 Dex-5}
106888 | Depths:2 | Identified the ring of Enoecloy {*Slow rElec rCorr Slay+3}
106901 | Depths:2 | Identified the staff of poison "Kepu" {Fly rElec rPois
                  | rCorr Str+4}
107058 | Depths:2 | Lost mutation: You do not regenerate when monsters are
                  | visible. [potion of mutation]
107058 | Depths:2 | Lost mutation: You have a pair of small horns on your head.
                  | [potion of mutation]
107059 | Depths:2 | Lost mutation: You are clumsy. (Dex -2) [potion of
                  | mutation]
107059 | Depths:2 | Lost mutation: Your spells are a little easier to cast, but
                  | a little less powerful. [potion of mutation]
107059 | Depths:2 | Gained mutation: You expend magic power (3 MP) to
                  | strengthen your wands. [potion of mutation]
107059 | Depths:2 | Gained mutation: Your large and strong wings let you fly.
                  | [potion of mutation]
107062 | Hell     | Entered the Vestibule of Hell
107062 | Hell     | Noticed Geryon
107164 | Hell     | Killed Geryon
107386 | Hell     | Reached skill level 10 in Earth Magic
107621 | Hell     | Found a gateway to the Iron City of Dis.
107691 | Hell     | Found a gateway to the freezing wastes of Cocytus.
107937 | Hell     | Found a gateway to the decaying netherworld of Tartarus.
108108 | Hell     | Found a gateway to the ashen valley of Gehenna.
108258 | Geh:1    | Entered Level 1 of Gehenna
109534 | Geh:7    | Entered Level 7 of Gehenna
109735 | Geh:7    | Reached skill level 15 in Spellcasting
109765 | Geh:7    | Noticed the Serpent of Hell
109775 | Geh:7    | Killed the Serpent of Hell
110161 | Geh:7    | Found the +13 sceptre of Asmodeus
110161 | Geh:7    | Noticed Asmodeus
110177 | Geh:7    | Killed Asmodeus
110329 | Geh:7    | Got an obsidian rune of Zot
110499 | Dis:1    | Entered Level 1 of the Iron City of Dis
110514 | Dis:1    | Reached skill level 15 in Earth Magic
111118 | Dis:4    | Noticed an ancient lich
111118 | Dis:4    | Noticed a dread lich
111118 | Dis:4    | Noticed an ancient lich
111124 | Dis:4    | Killed an ancient lich
111124 | Dis:4    | Noticed an ancient lich
111134 | Dis:4    | Killed an ancient lich
111138 | Dis:4    | Killed an ancient lich
111138 | Dis:4    | Noticed an ancient lich
111141 | Dis:4    | Noticed an ancient lich
111141 | Dis:4    | Noticed an ancient lich
111142 | Dis:4    | Killed an ancient lich
111143 | Dis:4    | Killed an ancient lich
111143 | Dis:4    | Noticed a dread lich
111146 | Dis:4    | Killed a dread lich
111149 | Dis:4    | Killed an ancient lich
111151 | Dis:4    | Noticed a dread lich
111152 | Dis:4    | Killed a dread lich
111160 | Dis:4    | Killed a dread lich
112359 | Dis:7    | Entered Level 7 of the Iron City of Dis
112620 | Dis:7    | Noticed a juggernaut
112629 | Dis:7    | Killed a juggernaut
112649 | Dis:7    | Noticed a juggernaut
112695 | Dis:7    | Killed a juggernaut
113012 | Dis:7    | Identified the +5 glaive of Sugether {drain, rPois rCorr
                  | Int+3 Dex+3}
113044 | Dis:7    | Identified the +5 broad axe "Qufrasan" {freeze, rC++}
113616 | Dis:7    | Noticed a juggernaut
113768 | Dis:7    | Killed a juggernaut
113896 | Dis:7    | Noticed Dispater
113917 | Dis:7    | Killed Dispater
114101 | Dis:7    | Learned a level 9 spell: Shatter
114154 | Dis:7    | Got an iron rune of Zot
114398 | Tar:1    | Entered Level 1 of Tartarus
114643 | Coc:1    | Entered Level 1 of Cocytus
115312 | Coc:4    | Noticed a dread lich
116122 | Coc:7    | Entered Level 7 of Cocytus
117043 | Coc:7    | Noticed Antaeus
117060 | Coc:7    | Killed Antaeus
117431 | Coc:7    | Got an icy rune of Zot
117462 | Coc:7    | Learned a level 1 spell: Apportation
118012 | Tar:3    | Acquired 667 gold pieces
118434 | Tar:7    | Entered Level 7 of Tartarus
118909 | Tar:7    | Identified the staff of poison "Lenlow" {rPois rCorr}
118915 | Tar:7    | Noticed a dread lich
118933 | Tar:7    | Paralysed by something for 4 turns
118938 | Tar:7    | Killed a dread lich
118939 | Tar:7    | Reached skill level 27 in Earth Magic
119264 | Tar:7    | Got a bone rune of Zot
119606 | Tomb:1   | Entered Level 1 of the Tomb of the Ancients
119657 | Tomb:1   | Noticed a royal mummy
119659 | Tomb:1   | Noticed a royal mummy
119882 | Tomb:1   | Killed a royal mummy
119882 | Tomb:1   | Noticed a royal mummy
119974 | Tomb:1   | Killed a royal mummy
119975 | Tomb:1   | Noticed a royal mummy
120109 | Tomb:1   | Killed a royal mummy
120216 | Tomb:1   | Noticed a royal mummy
120221 | Tomb:1   | Killed a royal mummy
120404 | Tomb:1   | Noticed a royal mummy
120494 | Crypt:3  | Killed a royal mummy
120522 | Tomb:1   | Killed a royal mummy
121134 | Tomb:1   | Noticed a royal mummy
121139 | Tomb:1   | Killed a royal mummy
121360 | Tomb:1   | Noticed a royal mummy
121365 | Tomb:1   | Noticed a royal mummy
121368 | Tomb:1   | Killed a royal mummy
121372 | Tomb:1   | Killed a royal mummy
121589 | Tomb:1   | Noticed a royal mummy
121590 | Tomb:1   | Noticed a royal mummy
121605 | Tomb:1   | Killed a royal mummy
121614 | Tomb:1   | Killed a royal mummy
121765 | Tomb:1   | Noticed a royal mummy
121766 | Tomb:1   | Noticed a royal mummy
121774 | Tomb:1   | Killed a royal mummy
121779 | Tomb:1   | Killed a royal mummy
121842 | Tomb:1   | Noticed a royal mummy
121853 | Tomb:1   | Killed a royal mummy
121943 | Tomb:1   | Noticed a royal mummy
121957 | Tomb:1   | Killed a royal mummy
122138 | Tomb:1   | Noticed a royal mummy
122150 | Tomb:1   | Killed a royal mummy
122153 | Tomb:1   | Noticed a royal mummy
122166 | Tomb:1   | Killed a royal mummy
122429 | Tomb:1   | Noticed a royal mummy
122441 | Tomb:1   | Killed a royal mummy
123387 | Tomb:2   | Noticed a royal mummy
123387 | Tomb:2   | Noticed a royal mummy
123387 | Tomb:2   | Noticed a royal mummy
123388 | Tomb:2   | Noticed a royal mummy
123798 | Tomb:3   | Entered Level 3 of the Tomb of the Ancients
123823 | Tomb:3   | Noticed a royal mummy
123846 | Tomb:3   | Noticed a royal mummy
123851 | Tomb:3   | Noticed a royal mummy
123856 | Tomb:3   | Noticed a royal mummy
123858 | Tomb:3   | Killed a royal mummy
123907 | Tomb:3   | Identified the +8 scale mail of Piuzxyli {rElec rPois
                  | Will++ Dex-4}
123910 | Tomb:3   | Noticed a royal mummy
123922 | Tomb:3   | Noticed a royal mummy
123932 | Tomb:3   | Noticed a royal mummy
123954 | Tomb:3   | Got a golden rune of Zot
123955 | Tomb:3   | Killed a royal mummy
123986 | Tomb:3   | Noticed a royal mummy
124224 | Tomb:3   | Identified the +8 battleaxe of Spite {speed, rPois Will+}
124225 | Tomb:3   | Identified the +3 broad axe of the Mauling Oracle {heavy,
                  | Dex+5}
124243 | Tomb:3   | Got the Encyclopedia of Forceful Evolution
124252 | Tomb:3   | Identified the staff of earth "Kyzxy" {rPois rC+ Str-3
                  | Dex+2}
124324 | Tomb:3   | Noticed a royal mummy
124407 | Tomb:3   | Identified the staff of poison "Waivaqo" {rPois rF- Will-
                  | rCorr SInv}
125106 | Zot:5    | Noticed an orb of fire
125126 | Zot:5    | Killed an orb of fire
125181 | Zot:5    | Noticed an orb of fire
125185 | Zot:5    | Noticed an orb of fire
125241 | Zot:5    | Got the Orb of Zot
125471 | Depths:1 | Noticed a seraph
125728 | D:5      | Noticed Pytuitin the pandemonium lord
125817 | D:1      | Noticed Natasha
125819 | D:1      | Killed Natasha
125854 | D:$      | Escaped with the Orb!

Illustrated notes

Levels and vault maps discovered:
D:1:      sevenhm_arrival_forest_fort_small_4, layout_rooms,
          nicolae_hexahallways, minmay_lizard_pond
D:2:      layout_basic, uniq_natasha, uniq_robin
D:3:      layout_basic, minitemple, ebering_ecumenical_altar_ruins,
          minmay_tree_intersection, uniq_crazy_yiuf_cottage
D:4:      layout_loops_cross, mainiacjoe_overflow_chevrons
D:5:      layout_basic, minmay_temple_entry_nine_rooms
D:6:      layout_loops_corners, cheibriados_altar_1,
          pdpol_wu_jian_five_deadly_venoms, uniq_pikel
D:7:      layout_basic, uniq_menkaure, uniq_maggie, uniq_duvessa
D:8:      layout_loops_ring, nicolae_qazlal_beasts_of_the_sky, uniq_psyche
D:9:      layout_long_grid, nemelex_diamond_rough_becter, ebering_ghost_gozag,
          uniq_erica
D:10:     layout_loops_corners, minmay_lair_entry_grove, enter_bailey_3,
          grunt_potential
D:11:     layout_roguey, special_room [special_room_orc], serial_bayou,
          serial_bayou_shore_b, serial_bayou_shore_b, serial_bayou_lake_a,
          serial_bayou_shore_a, uniq_sonja
D:12:     layout_roguey, zombieorc1_lemuel, serial_glass, glass_columns_a,
          glass_columns_b, glass_columns_a, glass_columns_a, glass_columns_a,
          glass_columns_a, due_unseen_surprise, item_on_display_a,
          minmay_strange_pillars, minmay_strange_pillars,
          minmay_statue_crystal_thing
D:13:     layout_cave_pools, ebering_ghost_reflecting_pool
D:14:     layout_cave_pools, david_vaults_4, portal_ice_cave_entry_ugly_swarm,
          uniq_nessos
D:15:     grunt_enter_depths_giant_problem, layout_layer_cave, serial_bayou,
          serial_bayou_pond_c, serial_bayou_pond_e, serial_bayou_shore_b,
          serial_bayou_pond_a, minivault_24, hangedman_cracks_in_the_wall
Temple:   hellmonk_temple_rainy
Lair:1:   layout_small_grid, special_room [special_room_bee],
          beast_lair_carwin_5, lemuel_fruit_fields, serial_bayou_shore_b,
          lemuel_fruit_fields, uniq_amaemon
Lair:2:   layout_hall_layers, serial_bayou_pond_c
Lair:3:   layout_regular_city, nicolae_shoals_entry_flooding,
          nicolae_spider_entry_tight_spaces, ebering_ghost_reflecting_pool
Lair:4:   layout_gridlike, slime_entry_1, lookout_lair_type
Lair:5:   hangedman_lair_caniforms_friends, layout_regular_city,
          guppyfry_lair_end_dragon, chequers_serial_rivers_small_b,
          grunt_forest_large_clearing_hut
Shoals:1: layout_shoals, nicolae_shoals_square_sea_wall
Shoals:2: layout_shoals, nicolae_shoals_drake_roost
Shoals:3: layout_shoals, nicolae_shoals_undead_eyrie, uniq_ilsuiw
Shoals:4: shoals_end_hellmonk_storm_palace [storm_palace_center_ruins,
          storm_palace_corner_blocked, storm_palace_corner_reverse_hut,
          storm_palace_corner_reverse_hut, storm_palace_corner_narrow]
Spider:1: layout_spider_delve
Spider:2: layout_chambers, drop_trap, hellmonk_narrow_tunnel
Spider:3: spiders_nest_scorpion_pit, uniq_roxanne
Spider:4: grunt_spider_rune_circles, uniq_arachne
Slime:1:  layout_caves
Slime:2:  layout_caves
Slime:3:  layout_caves
Slime:4:  layout_caves
Slime:5
Orc:1:    layout_caves, serial_shops, nicolae_shop_rolling_square,
          gammafunk_ghost_abyssal_escape, lightli_orcish_oven
Orc:2:    grunt_orc_gardens, layout_caves, grunt_orc_garden, grunt_orc_garden,
          grunt_orc_garden, grunt_orc_garden, nicolae_orc_sculptors_studio
Elf:1:    nicolae_elf_arrival_no_cutting_in_line, layout_onion_city,
          minmay_elf_annihilation, minmay_shop_star
Elf:2:    elven_hall_of_blades_hangedman_original [nicolae_blade_bullseye],
          layout_geoelf_grid, abandoned_shop
Elf:3:    minmay_elf_hall_dome, layout_geoelf_grid, basic_altar,
          hangedman_elven_crosses_minicolossus
Vaults:1: nicolae_vaults_two_Ls, vaults_room_boxed,
          nicolae_vaults_closet_pinwheel_1, nicolae_vaults_trapezoid_lopsided_4,
          nicolae_vaults_diagonal_hallway_8, nicolae_vaults_double_plus_1,
          nicolae_vaults_trapezoid_3, hangedman_vaults_corner,
          vaults_mumra_hexcomb, nicolae_vaults_apartment_1,
          grunt_vaults_diagonal, nicolae_vaults_surprise_closet,
          nicolae_vaults_asterisk, nicolae_vaults_layer_cake_slice,
          nicolae_vaults_apartment_2, layout_vaults_maze_snakey, uniq_asterion,
          uniq_zenata
Vaults:2: v_rooms_6, v_rooms_1, nicolae_vaults_heart-shaped_vault,
          nicolae_vaults_trapezoid_1, v_misc_13, v_misc_27,
          nicolae_vaults_storage_room_water, nicolae_vaults_wrenched,
          nicolae_vaults_double_plus_1, nicolae_vaults_little_squares_4,
          layout_vaults_omnicross
Vaults:3: nicolae_vaults_windows_and_doors_thing,
          minmay_crypt_entry_simple_plaza, v_misc_23,
          nicolae_vaults_sesquioval_fish, nicolae_vaults_security_offices_4,
          nicolae_vaults_tangram_1, vaults_room_ringed_pool, vaults_dpeg_ring,
          nicolae_vaults_network_square, nicolae_vaults_six-pack,
          layout_vaults_big_room, serial_shops, shop
Vaults:4: nicolae_vaults_six-pack, nicolae_vaults_stepped_doors, v_misc_1,
          nicolae_vaults_storage_closets_1, v_misc_14,
          nicolae_vaults_tetromino_L_1, v_misc_22, v_pattern_5,
          nicolae_vaults_closet_pinwheel_2, ontoclasm_vaults_gateway,
          layout_vaults_omnigrid, uniq_saint_roka
Vaults:5: uniq_jory
Crypt:1:  layout_misc_corridors, st_stairs_9
Crypt:2:  layout_rooms, corexii_hall_statues_x
Crypt:3:  church_of_pain_bobbens, layout_chaotic_city, tomb_entry_shell_bobbens,
          uniq_josephina
Tomb:1
Tomb:2
Tomb:3
Depths:1: layout_gridlike, grunt_mini_vestibule, minmay_misc_feat_tiny,
          hangedman_ru_absence, grunt_megastairs_5
Depths:2: minmay_the_grid_triangle_9x9_recursive_3
          [minmay_the_grid_triangle_9x9_stretched_checkered,
          minmay_the_grid_triangle_9x9_steps,
          minmay_the_grid_triangle_9x9_minimal,
          minmay_the_grid_triangle_9x9_prize_schism,
          minmay_the_grid_triangle_9x9_descending_squares,
          minmay_the_grid_triangle_9x9_sprig,
          minmay_the_grid_triangle_9x9_longest,
          minmay_the_grid_triangle_9x9_checkered,
          minmay_the_grid_triangle_9x9_tough_junction], layout_cave_pools,
          enter_ziggurat_a, rand_demon_pan_entry_5, hell_entry, abyss_entry,
          hangedman_decor_riveting, chequers_serial_rivers_micro_b
Depths:3: minmay_bloctagon, layout_cave_pools, nicolae_gozag_seed_capital,
          abyss_entry, pf_hell_entry_great_geh, evilmike_spriggan_trog_shrine
Depths:4: evilmike_zot_entry_basic, layout_gridlike, hell_entry,
          fedhas_altar_fruit_tree, minmay_misc_feat_rows
Hell
Dis:1:    layout_gridville
Dis:2:    hangedman_dis_decor_blocks_crown, layout_gridville
Dis:3:    layout_subdivisions
Dis:4:    layout_subdivisions, nicolae_hells_leichenhalle
Dis:5:    layout_subdivisions
Dis:6:    layout_regular_city
Dis:7:    dis_grunt_layers
Geh:1:    nicolae_geh_tyrants_menagerie, layout_gehenna_lava_caves
Geh:2:    layout_gehenna_lava_caves
Geh:3:    nicolae_hells_giants_party, layout_gehenna_lava_caves
Geh:4:    layout_gehenna_pools_triple
Geh:5:    layout_gehenna_lava_caves
Geh:6:    layout_gehenna_lava_caves
Geh:7:    evilmike_geh
Coc:1:    layout_cocytus_water_paths, serial_ice
Coc:2:    layout_ice_bergs
Coc:3:    layout_cocytus_delve, nicolae_hells_hurtin_island
Coc:4:    layout_cocytus_delve
Coc:5:    layout_cocytus_water_paths
Coc:6:    layout_cocytus_delve
Coc:7:    coc_mu
Tar:1:    layout_honeycomb
Tar:2:    layout_cathedral_of_symmetry
Tar:3:    layout_cathedral_of_symmetry
Tar:4:    layout_cathedral_of_symmetry
Tar:5:    layout_grid_maze, nicolae_tar_honey_rotating
Tar:6:    layout_honeycomb
Tar:7:    tar_grunt_cathedral
Zot:1:    gammafunk_dig_for_victory, layout_onion_interference,
          st_single_dragon_hoard_4
Zot:2:    ebering_greatest_show_in_zot, layout_misc_corridors, zot_minivault_5,
          grunt_megastairs_3, lemuel_elevator
Zot:3:    infiniplex_zot_generator, layout_cathedral_of_symmetry,
          grunt_ministairs_12, zot_minivault_2
Zot:4:    cheibrodos_zot_enchanting_chambers, layout_onion,
          gammafunk_ghost_crypt
Zot:5:    layout_basic

Skill      XL: |  1  2  3  4  5  6  7  8  9 10 11 12 13 14 15 16 17 18 19 20 21 22 23 24 25 26 27 |
---------------+----------------------------------------------------------------------------------+-----
Fighting       | 3 4 5 7 9 10 11 12 14 15 16 18 19 21 22 23 25 26 27 | 27.0
Unarmed Combat | 3 4 5 7 8 9 11 13 15 17 18 19 20 21 22 23 24 26 27 | 27.0
Evocations     | 1 2 3 6 10 | 10.0
Dodging        | 5 6 7 8 9 10 14 | 14.5
Translocations | 4 5 7 10 11 12 14 15 | 15.0
Transmutations | 1 9 10 12 15 17 18 19 20 23 27 | 27.0
Spellcasting   | 4 5 6 7 10 18 | 18.1
Air Magic      | 6 9 |  9.7
Necromancy     | 18 | 18.0
Earth Magic    | 27 | 27.0
Throwing       | |  0.8

Action                     |  1- 3 |  4- 6 |  7- 9 | 10-12 | 13-15 | 16-18 | 19-21 | 22-24 | 25-27 || total
---------------------------+-------+-------+-------+-------+-------+-------+-------+-------+-------++-------
  Melee: Unarmed           |   152 |   227 |   435 |   685 |  1035 |  1138 |  1096 |   363 |  3947 ||  9078
         Tailslap          |    14 |    22 |    59 |    86 |   187 |   249 |   221 |    84 |   732 ||  1654
         Punch             |     1 |     5 |    20 |    58 |   137 |   156 |   173 |    69 |   718 ||  1337
         Trident           |       |       |       |       |       |    18 |    10 |       |       ||    28
         Headbutt          |       |       |       |       |       |       |   184 |    43 |    18 ||   245
         Staff             |       |       |       |       |       |       |     6 |     7 |    63 ||    76
         Bite              |       |       |       |       |       |       |       |    30 |   425 ||   455
  Throw: Dart              |       |       |     4 |    42 |    12 |       |       |       |       ||    58
   Cast: Blink             |       |       |     7 |     4 |     5 |     1 |     1 |       |     1 ||    19
         Blade Hands       |       |       |       |       |   103 |   193 |   136 |    20 |       ||   452
         Passwall          |       |       |       |       |     4 |       |       |       |       ||     4
         Vhi's Electric Ch |       |       |       |       |     3 |     7 |   111 |    56 |   351 ||   528
         Manifold Assault  |       |       |       |       |       |    13 |    33 |     6 |   486 ||   538
         Storm Form        |       |       |       |       |       |     2 |     8 |       |       ||    10
         Dragon Form       |       |       |       |       |       |       |       |    31 |   374 ||   405
         Necromutation     |       |       |       |       |       |       |       |       |    25 ||    25
         Shatter           |       |       |       |       |       |       |       |       |    11 ||    11
         Apportation       |       |       |       |       |       |       |       |       |     7 ||     7
         Yara's Violent Un |       |       |       |       |       |       |       |       |     2 ||     2
 Invoke: Call Merchant     |       |       |       |       |     1 |     1 |     3 |       |       ||     5
         Potion Petition   |       |       |       |       |     1 |     4 |     1 |       |    25 ||    31
         Bribe Branch      |       |       |       |       |       |       |       |       |     6 ||     6
Ability: Breathe Fire      |       |       |       |    55 |   100 |    40 |     2 |     3 |     3 ||   203
         End Transformatio |       |       |       |       |       |     4 |     2 |     2 |     5 ||    13
         Blinkbolt         |       |       |       |       |       |       |     1 |       |       ||     1
  Evoke: Wand              |       |    16 |    22 |    16 |     6 |     6 |     2 |       |    21 ||    89
         Lightning rod     |       |       |       |       |     3 |     8 |     4 |       |       ||    15
    Use: Scroll            |       |     6 |     5 |     9 |    14 |    11 |     9 |     3 |    22 ||    79
         Potion            |       |       |     2 |     1 |     3 |     6 |     4 |     2 |    17 ||    35
   Stab: Sleeping          |     1 |       |       |       |       |       |       |     4 |     6 ||    11
         Distracted        |       |       |       |     1 |     1 |     5 |     7 |     1 |    26 ||    41
         Invisible         |       |       |       |       |       |       |       |       |     4 ||     4
 Armour: Skin              |    54 |    60 |    94 |   147 |   284 |   389 |   319 |    97 |  1397 ||  2841
  Dodge: Dodged            |   120 |   124 |   223 |   424 |   717 |  1046 |   500 |    97 |  1111 ||  4362

Table legend: (Time is in decaauts)
 A = Elapsed time spent in this place.
 B = Non-inter-level travel time spent in this place.
 C = Inter-level travel time spent in this place.
 D = Time resting spent in this place.
 E = Time spent auto-exploring this place.
 F = Levels seen in this place.
 G = Mean time per level.
                   A        B        C        D        E       F      G
               +--------+--------+--------+--------+--------+-----+--------+
         Total | 123249 | 114857 |   8392 |  33158 |  43461 | 113 | 1090.7 |
       Dungeon |  27785 |  25056 |   2729 |   5989 |  12190 |  15 | 1852.3 |
        Temple |     28 |     28 |      0 |      0 |      0 |   1 |   28.0 |
          Lair |   8323 |   7624 |    699 |   1369 |   4216 |   5 | 1664.6 |
        Shoals |   8280 |   7765 |    515 |   2893 |   2384 |   4 | 2070.0 |
   Spider Nest |   9877 |   9584 |    293 |   3691 |   3818 |   4 | 2469.2 |
    Slime Pits |   1068 |   1035 |     33 |    354 |      0 |   5 |  213.6 |
  Orcish Mines |   3302 |   2792 |    510 |    568 |   1467 |   2 | 1651.0 |
   Elven Halls |   4985 |   4536 |    449 |    747 |   2458 |   3 | 1661.7 |
        Vaults |  12438 |  11671 |    767 |   2552 |   6209 |   5 | 2487.6 |
         Crypt |   4816 |   4588 |    228 |   1386 |   1728 |   3 | 1605.3 |
          Tomb |   3915 |   3588 |    327 |    815 |   1000 |   3 | 1305.0 |
        Depths |   7100 |   6064 |   1036 |   1461 |   3056 |   4 | 1775.0 |
          Hell |   1347 |   1132 |    215 |    130 |    593 |   1 | 1347.0 |
           Dis |   3530 |   3412 |    118 |   1924 |      1 |   7 |  504.3 |
       Gehenna |   2035 |   1983 |     52 |    896 |    183 |   7 |  290.7 |
       Cocytus |   2753 |   2723 |     30 |   1551 |    107 |   7 |  393.3 |
      Tartarus |   1766 |   1766 |      0 |    730 |      0 |   7 |  252.3 |
           Zot |   9768 |   9383 |    385 |   3289 |   2865 |   5 | 1953.6 |
         Abyss |   1681 |   1681 |      0 |    310 |      0 |   5 |  336.2 |
   Pandemonium |   8442 |   8442 |      0 |   2497 |   1184 |  20 |  422.1 |
               +--------+--------+--------+--------+--------+-----+--------+

Top non-repeatable levels by time:
   Zot:3: 4074 daAuts
Spider:3: 3755 daAuts
     D:6: 3400 daAuts
    D:10: 3304 daAuts
  Tomb:1: 3021 daAuts
Vaults:4: 2851 daAuts
Vaults:2: 2821 daAuts
Spider:2: 2806 daAuts
 Crypt:3: 2768 daAuts
Depths:2: 2549 daAuts
Shoals:4: 2528 daAuts
   Elf:3: 2485 daAuts
Vaults:5: 2441 daAuts
    D:13: 2410 daAuts
Shoals:2: 2356 daAuts
